 Dungeon Crawl Stone Soup version 0.25-a0-591-g2ad0d861f1 (webtiles) character file.

Game seed: 11526951562218015486, levelgen mode: deterministic

1060 StormphoenixUK the Cleaver (level 8, 0/64 HPs)
             Began as a Hill Orc Abyssal Knight on Mar 14, 2020.
             Was a Priest of Lugonu.
             Slain by an orc
             ... wielding a +0 trident
              (1 damage)
             ... on level 6 of the Dungeon.
             The game lasted 00:31:18 (5722 turns).

StormphoenixUK the Cleaver (HOAK)                   Turns: 5722, Time: 00:31:19

Health: 0/64       AC:  6    Str: 16    XL:     8   Next: 27%
Magic:  0/13       EV:  8    Int: 13    God:    Lugonu [***...]
Gold:   302        SH:  4    Dex: 10    Spells: 7/7 levels left

rFire    . . .     SeeInvis .   u - +0 war axe
rCold    . . .     Gourm    .   q - +1 buckler
rNeg     . . .     Faith    .   f - +0 scale mail
rPois    .         Spirit   +   (no helmet)
rElec    .         Reflect  .   (no cloak)
rCorr    .         Harm     .   (no gloves)
MR       .....                  (no boots)
Stlth    ..........             d - amulet of guardian spirit
HPRegen  0.20/turn              r - ring of wizardry
MPRegen  0.13/turn              (no ring)

@: brilliant, flying (expiring)
A: no striking features
a: Depart the Abyss, Bend Space, Banish, Renounce Religion


You were on level 6 of the Dungeon.
You worshipped Lugonu.
Lugonu was most pleased with you.
You were not hungry.

You visited 2 branches of the dungeon, and saw 7 of its levels.
You visited the Abyss 1 time.

You collected 302 gold pieces.

Inventory:

Hand Weapons
 u - a +0 war axe (weapon)
Missiles
 o - 6 javelins (quivered)
Armour
 f - a +0 scale mail (worn)
 q - a +1 buckler (worn)
Jewellery
 a - an uncursed ring of see invisible {unknown}
 b - an uncursed ring of fire
 d - an amulet of guardian spirit (around neck)
 r - a ring of wizardry (left hand)
Scrolls
 g - 4 scrolls of teleportation
 k - 3 scrolls of remove curse
Potions
 j - 4 potions of curing
 l - 3 potions of flight
 m - a potion of mutation {unknown}
 n - 3 potions of lignification
 p - a potion of degeneration {unknown}
 s - a potion of cancellation {unknown}
Comestibles
 c - 9 rations


   Skills:
 - Level 3.6 Fighting
 + Level 10.5 Axes
 - Level 0.2 Throwing
 - Level 2.1 Armour
 - Level 0.7 Dodging
 + Level 7.1 Invocations


You had 7 spell levels left.
You didn't know any spells.
Your spell library was empty.

Dungeon Overview and Level Annotations

Branches:
Dungeon (6/15)             Temple (1/1) D:4

Altars:
Ashenzari
Dithmenos
Elyvilon
Fedhas
Gozag
Hepliaklqana
Kikubaaqudgha
Makhleb
Nemelex Xobeh
Okawaru
Qazlal
Ru
Sif Muna
Trog
Vehumet
Wu Jian
Xom
Yredelemnul
Zin
The Shining One


Message History

You closely miss the adder.
You feel sick.
You are no longer poisoned.
The adder barely misses you.
You slash the adder!
You kill the adder!
Lugonu accepts your kill.
Your shield and scale mail prevent you from hitting the sky beast.
The sky beast hits you but does no damage.
The orc barely misses you.
You closely miss the orc.
The orc is lightly wounded.
You hit the sky beast but do no damage.
You are starting to lose your buoyancy.
The sky beast hits you.
* * * LOW HITPOINT WARNING * * *
The sky beast shocks you.
* * * LOW HITPOINT WARNING * * *
The orc hits you but does no damage.
The orc hits you from afar with a +0 trident.
You die...

........... .......#
#..........#+#......##
#.....................
......................
...............=......
...........#'#..#.....
.............#..# ....
.......Yoo#..#..# ...
#..$...@.(#..#..# .
#.........(..#..#
#######.....>)).#
#.####.#..# #.# #.##.#
#.# # ##.# #.# #.# #.#
#.# #.###


You could see a sky beast and 2 orcs.

Vanquished Creatures
  Eustachio (D:5)
  2 ice beasts
  A phantom (D:4)
  A centaur (D:5)
  2 ogres
  A howler monkey (D:4)
  A centaur skeleton (D:6)
  An iguana (D:4)
  An orc wizard (D:6)
  4 gnolls (D:4)
  9 adders
  2 oozes
  3 worms
  3 dart slugs (D:1)
  2 leopard geckos
  7 orcs
  A ball python (D:2)
  7 bats
  14 giant cockroaches
  9 goblins
  7 hobgoblins
  4 kobolds
  2 quokkas
  5 frilled lizards
  A jackal skeleton (D:5)
  6 rats
97 creatures vanquished.

Vanquished Creatures (others)
  An orc warrior (D:6)
1 creature vanquished.

Grand Total: 98 creatures vanquished

Notes
Turn   | Place    | Note
-------+----------+-------------------------------------------
     0 | Abyss:1  | StormphoenixUK the Hill Orc Abyssal Knight began the quest
                  | for the Orb.
     0 | Abyss:1  | Reached XP level 1. HP: 19/19 MP: 2/2
    16 | D:1      | Escaped the Abyss
    86 | D:1      | Reached skill level 3 in Axes
    99 | D:1      | Reached XP level 2. HP: 26/26 MP: 3/3
   264 | D:1      | Reached skill level 4 in Axes
   315 | D:1      | Reached ** piety under Lugonu
   411 | D:1      | Reached XP level 3. HP: 31/31 MP: 4/4
   763 | D:2      | Reached skill level 5 in Axes
  1311 | D:2      | Reached XP level 4. HP: 29/39 MP: 5/5
  1599 | D:3      | Reached *** piety under Lugonu
  1599 | D:3      | Reached skill level 6 in Axes
  2299 | D:3      | Reached XP level 5. HP: 45/45 MP: 7/7
  2704 | D:4      | Found a bloodstained altar of Trog.
  2704 | D:4      | Found a sacrificial altar of Ru.
  2726 | D:4      | Reached skill level 7 in Axes
  3146 | D:4      | Reached XP level 6. HP: 25/51 MP: 6/8
  3459 | D:4      | Found a staircase to the Ecumenical Temple.
  3468 | Temple   | Entered the Ecumenical Temple
  3607 | D:4      | Found a shimmering blue altar of Sif Muna.
  3734 | D:5      | Entered Level 5 of the Dungeon
  3747 | D:5      | Noticed Eustachio
  3788 | D:5      | Killed Eustachio
  3788 | D:5      | Reached skill level 8 in Axes
  4000 | D:5      | Found a shadowy altar of Dithmenos.
  4010 | D:5      | Noticed an ice beast
  4051 | D:4      | Noticed a phantom
  4092 | D:4      | Killed a phantom
  4092 | D:4      | Reached skill level 5 in Invocations
  4092 | D:4      | Reached XP level 7. HP: 35/57 MP: 10/10
  4220 | D:5      | Reached skill level 9 in Axes
  4737 | D:5      | Reached skill level 10 in Axes
  5112 | D:6      | Reached XP level 8. HP: 59/64 MP: 10/12
  5722 | D:6      | HP: 1/64 [sky beast (6)]
  5722 | D:6      | Slain by an orc

Levels and vault maps discovered:
D:1:      minmay_arrival_hallway, layout_loops_ring
D:2:      minmay_roachtagon, layout_rooms, glass_columns_b, minivault_5
D:3:      layout_basic
D:4:      layout_basic, kennysheep_mini, amethyst_overflow_temple_binary,
          minmay_temple_entry_poolview
D:5:      layout_rooms, lemuel_doored_altar, first_ration, uniq_eustachio
D:6:      layout_basic
Temple:   lightli_temple_of_artemis

Skill      XL: |  1  2  3  4  5  6  7  8 |
---------------+-------------------------+-----
Axes           | 3 4 5 6 7 8 10 | 10.5
Invocations    | 3 5 6 7 |  7.1
Fighting       | |  3.6
Throwing       | |  0.2
Armour         | |  2.1
Dodging        | |  0.7

Action                   |  1- 3 |  4- 6 |  7- 9 || total
-------------------------+-------+-------+-------++-------
Melee: Hand axe          |   121 |   256 |    39 ||   416
       War axe           |       |       |    61 ||    61
Throw: Dart              |     4 |    14 |    11 ||    29
       Javelin           |       |       |     1 ||     1
Invok: Bend Space        |       |     1 |     6 ||     7
       Banish            |       |       |     1 ||     1
  Use: Scroll            |     2 |     7 |     2 ||    11
       Potion            |       |     2 |     3 ||     5
  Eat: Chunk             |     1 |     6 |       ||     7
       Ration            |       |     1 |     2 ||     3
Armor: Ring mail         |    11 |       |       ||    11
       Leather armour    |     1 |       |       ||     1
       Scale mail        |    67 |    91 |    39 ||   197
       Skin              |       |     3 |       ||     3
Dodge: Dodged            |    59 |    89 |    36 ||   184
Block: Buckler           |       |    18 |    22 ||    40

Table legend:
 A = Non-vault XP
 B = Vault XP
 C = Vault XP percentage of total XP
 D = Non-vault monster count
 E = Vault monster count
 F = Vault count percentage of total count
                 A         B        C        D         E       F
            +---------+---------+-------+---------+---------+-------
      Total |    1295 |     220 |  14.5 |      88 |      10 |  10.2
            +---------+---------+-------+---------+---------+-------
        D:1 |      44 |       0 |   0.0 |      23 |       0 |   0.0
        D:2 |      38 |      18 |  32.1 |      17 |       9 |  34.6
        D:3 |      65 |       0 |   0.0 |      16 |       0 |   0.0
        D:4 |     419 |       0 |   0.0 |      16 |       0 |   0.0
        D:5 |     400 |     202 |  33.6 |       7 |       1 |  12.5
        D:6 |     329 |       0 |   0.0 |       9 |       0 |   0.0
            +---------+---------+-------+---------+---------+-------
